 Dungeon Crawl Stone Soup version 0.31-a0-1074-g0b22e4e0f1 (webtiles) character file.

Game seed: 8198821456671886525

1866 DApurpleWHUMPUS the Thaumaturge (level 8, -3/41 HPs)
             Began as a Deep Elf Conjurer on Dec 8, 2023.
             Slain by a troll (8 damage)
             ... on level 7 of the Dungeon.
             The game lasted 00:13:10 (7533 turns).

DApurpleWHUMPUS the Thaumaturge (Deep Elf Conjurer) Turns: 7533, Time: 00:13:12

Health: -3/41      AC:  4    Str:  4    XL:     8   Next: 90%
Magic:  16/22      EV: 17    Int: 24    God:
Gold:   303        SH:  0    Dex: 15    Spells: 16/24 levels left

rFire   . . .        (no weapon)
rCold   . . .        E - crystal ball of Wucad Mu {*channel}
rNeg    . . .        a - +0 robe
rPois   .            s - +1 hat
rElec   .            (no cloak)
rCorr   .            (no gloves)
SInv    .            C - +0 pair of boots
Will    .....        (no amulet)
Stlth   ++           g - +5 ring of evasion
HPRegen 0.26/turn    (no ring)
MPRegen 0.18/turn

%: channel magic (40%)
@: very slightly contaminated
A: no striking features
a: no special abilities


You were on level 7 of the Dungeon.
You visited 1 branch of the dungeon, and saw 7 of its levels.

You collected 303 gold pieces.

Inventory:

Hand Weapons
 x - a +0 triple crossbow
 D - a +0 hand cannon of draining
Armour
 a - a +0 robe (worn)
 c - a +0 tower shield
 i - a +0 leather armour
 q - an orb of wrath
 r - a +0 helmet
 s - a +1 hat (worn)
 C - a +0 pair of boots (worn)
 E - the crystal ball of Wucad Mu (worn) {*channel}
   (You found it on level 6 of the Dungeon)

   *Channel:  It often returns the magic spent to cast spells, but lowers their
   success rate.
   It always returns the magic spent on miscasts.
Jewellery
 b - a ring of poison resistance
 g - a +5 ring of evasion (left hand)
Wands
 l - a wand of roots (1)
 B - a wand of polymorph (9)
Scrolls
 j - 2 scrolls of immolation {unknown}
 k - a scroll of vulnerability {unknown}
 n - 2 scrolls of teleportation {unknown}
 o - 2 scrolls of revelation {unknown}
 t - a scroll of fear {unknown}
 v - a scroll of poison {unknown}
 w - a scroll of enchant armour {unknown}
 y - a scroll of fog {unknown}
 A - 2 scrolls of identify {unknown}
 F - a scroll of acquirement {unknown}
Potions
 d - a potion of attraction {unknown}
 e - a potion of lignification {unknown}
 f - 2 potions of heal wounds {unknown}
 h - 7 potions of curing {unknown}
 m - a potion of ambrosia {unknown}
 p - a potion of berserk rage {unknown}
 u - a potion of invisibility {unknown}
 z - a potion of degeneration {unknown}
 G - a potion of resistance {unknown}


   Skills:
 - Level 2.4 Dodging
 - Level 2.4 Stealth
 + Level 8.9 Spellcasting
 + Level 8.8 Conjurations
 * Level 7.2 Summonings


You had 16 spell levels left.
You knew the following spells:

 Your Spells              Type           Power      Damage    Failure   Level
a - Magic Dart            Conj           100%       1d8       1%          1
b - Searing Ray           Conj           100%       2d8       2%          2
c - Call Imp              Summ           90%        N/A       3%          2
d - Call Canine Familiar  Summ           45%        N/A       4%          3

Your spell library contained the following spells:

 Spells                   Type           Power      Damage    Failure   Level
 Summon Small Mammal      Summ           100%       N/A       2%          1
 Dazzling Flash           Conj/Hex       62%        N/A       11%         3
 Summon Guardian Golem    Hex/Summ       28%        N/A       13%         3
 Mephitic Cloud           Conj/Pois/Air  24%        N/A       16%         3
 Slow                     Hex            40%        N/A       17%         1
 Sublimation of Blood     Necr           10%        N/A       22%         2
 Wereblood                Tmut           10%        N/A       22%         2
 Fulminant Prism          Conj/Hex       15%        3d10      24%         4
 Iskenderun's Mystic Bla  Conj/Tloc      31%        2d8       24%         4
 Confusing Touch          Hex            10%        N/A       38%         3
 Sigil of Binding         Hex            10%        N/A       38%         3
 Tukima's Dance           Hex            10%        N/A       38%         3
 Vampiric Draining        Necr           10%        2d6       38%         3
 Passage of Golubria      Tloc           10%        N/A       73%         4
 Yara's Violent Unravell  Hex/Tmut       5%         3d4       95%         5
 Summon Hydra             Summ           22%        N/A       99%         7


Dungeon Overview and Level Annotations

Branches:
Dungeon (7/15)             Temple (0/1) D:7

Altars:
Makhleb
Trog
Yredelemnul
Zin
The Shining One

Shops:
D:2 *   D:6 =

Annotations:
D:6 3 runed translucent doors, Dittersdorf's ghost, novice GrFi


Message History

The bullfrog is severely wounded.
The magic dart hits the bullfrog.
You kill the bullfrog!
You can't see any susceptible monsters within range! (Use Z to cast anyway.) Magic restored.
Found a stone staircase leading down.
You can't see any susceptible monsters within range! (Use Z to cast anyway.)
A troll comes into view.
The troll shouts!
You miscast Magic Dart.
You are very lightly contaminated with residual magic.
Nothing appears to happen.
Magical energy flows into your mind!
Casting: Magic Dart (safe; 1% risk of failure)
Confirm with . or Enter, or press ? or * to list all spells.
Aiming: Searing Ray (safe; 2% risk of failure)
Press: ? - help, Shift-Dir - straight line, f/p - troll
Aim: a troll (83% to hit)
The searing ray hits the troll!
The troll is moderately wounded. (Press . to maintain the ray.)
The troll misses you. The troll claws you!
The troll claws you but does no damage.
The searing ray hits the troll!
The troll is heavily wounded.
The troll bites you. The troll misses you. x2
The searing ray hits the troll!
The troll is severely wounded.
The troll bites you! The troll claws you!
* * * LOW HITPOINT WARNING * * *
The troll claws you.
* * * LOW HITPOINT WARNING * * *
Casting: Searing Ray (safe; 2% risk of failure)
Confirm with . or Enter, or press ? or * to list all spells.
Restarting spell: Searing Ray (safe; 2% risk of failure)
Press: ? - help, Shift-Dir - straight line, f/p - troll
Aim: a troll (severely wounded, 83% to hit)
The searing ray misses the troll. (Press . to maintain the ray.)
The troll misses you. The troll claws you!
You die...

#.......# #.#
#.##.##.# #.#
#.##.##.# #.#
#.##.##.# #.#
#.##.##.# #.#
###.##....########
#.#
##...####....†.....
#.....###.#.#######
#.....T@....#
#...>.####.## ##...
#.# ##. ..# # .>#
##.. .# .#


You could see a troll.

Vanquished Creatures
  Prince Ribbit (D:5)
  Sigmund (D:3)
  2 ice beasts
  An ogre (D:4)
  A phantom (D:6)
  A bullfrog (D:7)
  A wyvern zombie (D:6)
  A gnoll sergeant (D:6)
  A scorpion (D:4)
  4 wights (D:6)
  A howler monkey (D:5)
  2 jellies
  5 hounds
  An iguana (D:6)
  Terence (D:3)
  6 orc wizards
  9 adders
  3 gnolls
  A shadow imp (D:5)
  2 worms
  4 dart slugs
  14 orcs
  8 ball pythons
  7 endoplasms
  7 giant cockroaches
  7 hobgoblins
  4 jackals
  5 quokkas
  5 bats
  2 frilled lizards
  7 goblins
  12 kobolds
  3 rats
130 creatures vanquished.

Vanquished Creatures (collateral kills)
  2 gnolls (D:6)
2 creatures vanquished.

Grand Total: 132 creatures vanquished

Notes
Turn   | Place    | Note
-------+----------+-------------------------------------------
     0 | D:1      | DApurpleWHUMPUS the Deep Elf Conjurer began the quest for
                  | the Orb.
     0 | D:1      | Reached XP level 1. HP: 10/10 MP: 6/6
   267 | D:1      | Reached XP level 2. HP: 15/15 MP: 2/8
   686 | D:1      | Reached skill level 5 in Conjurations
  1087 | D:2      | Reached XP level 3. HP: 19/19 MP: 7/10
  1174 | D:2      | Found Qasoew's General Store.
  1360 | D:2      | Found a burning altar of Makhleb.
  1799 | D:2      | Reached XP level 4. HP: 24/24 MP: 10/12
  2061 | D:3      | Noticed Sigmund
  2084 | D:3      | Noticed Terence
  2106 | D:3      | Learned a level 2 spell: Searing Ray
  2123 | D:3      | Killed Sigmund
  2124 | D:3      | Reached skill level 5 in Spellcasting
  2124 | D:3      | Reached XP level 5. HP: 28/28 MP: 6/14
  2135 | D:3      | Learned a level 2 spell: Call Imp
  2455 | D:3      | Killed Terence
  2456 | D:3      | Reached XP level 6. HP: 32/32 MP: 9/16
  2843 | D:3      | Reached skill level 1 in Summonings
  3556 | D:3      | Learned a level 3 spell: Call Canine Familiar
  4290 | D:4      | Found a glowing silver altar of Zin.
  4372 | D:4      | Reached XP level 7. HP: 36/36 MP: 10/18
  5042 | D:5      | Entered Level 5 of the Dungeon
  5153 | D:5      | Noticed Prince Ribbit
  5174 | D:5      | Killed Prince Ribbit
  5266 | D:5      | Reached XP level 8. HP: 25/41 MP: 7/20
  5582 | D:5      | Found a glowing golden altar of the Shining One.
  5684 | D:6      | Reached skill level 5 in Summonings
  5873 | D:6      | Found a bloodstained altar of Trog.
  6200 | D:6      | Found the crystal ball of Wucad Mu {*channel}
  6446 | D:6      | Found Lug Astriwka's Jewellery Emporium.
  6604 | D:6      | Found a runed translucent gate.
  6604 | D:6      | Found a runed translucent gate.
  6604 | D:6      | Found a runed translucent gate.
  6604 | D:6      | Noticed Dittersdorf's ghost (novice GrFi)
  6606 | D:6      | Found a basalt altar of Yredelemnul.
  7421 | D:7      | Found a staircase to the Ecumenical Temple.
  7528 | D:7      | Noticed a troll
  7533 | D:7      | Slain by a troll

Illustrated notes

Levels and vault maps discovered:
D:1:      dpeg_arrival_rooms_c, layout_loops_ring
D:2:      layout_loops_cross, serial_shops, shop, basic_altar
D:3:      layout_loops_ring, serial_co_window_serial, co_window_corner_a,
          co_window_paths_a, co_window_of_opportunity_a, co_window_cross_1,
          co_window_of_opportunity_a, co_window_of_opportunity_a,
          co_window_corner_cb, co_window_unsneaky_path_d, co_window_broadway_a,
          co_window_broadway_b, co_window_corner_ca, co_window_broadway_a,
          co_window_corner_b, co_window_paths_d, glass_columns_c,
          glass_columns_a, cheibrodos_gnoll_hut, uniq_sigmund, uniq_terence
D:4:      layout_layer_cave, zin_treasury
D:5:      layout_rooms, tso_altar, chequers_serial_rivers_marsh,
          uniq_prince_ribbit1
D:6:      layout_rooms, nicolae_yredelemnul_ghost_church,
          nicolae_overflow_crystal_walls, serial_shops, shop
D:7:      layout_loops_ring, mainiacjoe_overflow_catwalk,
          minmay_temple_entry_junction, uniq_duvessa

Skill      XL: |  1  2  3  4  5  6  7  8 |
---------------+-------------------------+-----
Conjurations   | 5 6 7 8 |  8.8
Spellcasting   | 4 5 6 7 8 |  8.9
Summonings     | 2 4 7 |  7.2
Dodging        | |  2.4
Stealth        | |  2.4

Action                     |  1- 3 |  4- 6 |  7- 9 || total
---------------------------+-------+-------+-------++-------
  Melee: Unarmed           |       |     2 |     6 ||     8
   Cast: Magic Dart        |    76 |   109 |   104 ||   289
         Searing Ray       |       |     6 |    22 ||    28
         Call Imp          |       |       |     4 ||     4
         Call Canine Famil |       |       |     4 ||     4
    Use: Potion            |       |       |     1 ||     1
 Armour: Robe              |     4 |     4 |    34 ||    42
  Dodge: Dodged            |     3 |    24 |    44 ||    71

Table legend: (Time is in decaauts)
 A = Elapsed time spent in this place.
 B = Non-inter-level travel time spent in this place.
 C = Inter-level travel time spent in this place.
 D = Time resting spent in this place.
 E = Time spent auto-exploring this place.
 F = Levels seen in this place.
 G = Mean time per level.
                   A        B        C        D        E       F      G
               +--------+--------+--------+--------+--------+-----+--------+
         Total |   7550 |   7289 |    261 |   1207 |   5042 |   7 | 1078.6 |
       Dungeon |   7550 |   7289 |    261 |   1207 |   5042 |   7 | 1078.6 |
               +--------+--------+--------+--------+--------+-----+--------+

Top non-repeatable levels by time:
     D:3: 1550 daAuts
     D:4: 1537 daAuts
     D:6: 1404 daAuts
     D:1: 1054 daAuts
     D:5: 967 daAuts
     D:2: 913 daAuts
     D:7: 122 daAuts
